 Dungeon Crawl Stone Soup version 0.28-a0-991-g956f0ee3d5 (webtiles) character file.

Game seed: 6477307492703109917

4 DrunkBamboolord the Insei (level 1, -5/12 HPs)
             Began as a Kobold Transmuter on Dec 5, 2021.
             Slain by a kobold (11 damage)
             ... on level 1 of the Dungeon.
             The game lasted 00:00:59 (325 turns).

DrunkBamboolord the Insei (Kobold Transmuter)        Turns: 325, Time: 00:00:59

Health: -5/12      AC:  2    Str:  7    XL:     1   Next: 66%
Magic:  2/3        EV: 15    Int: 14    God:
Gold:   0          SH:  0    Dex: 15    Spells: 3/4 levels left

rFire   . . .      SeeInvis .     - Unarmed
rCold   . . .      Faith    .   (shield restricted)
rNeg    . . .      Spirit   .   a - +0 robe
rPois   .          Reflect  .   (helmet currently unavailable)
rElec   .          Harm     .   (no cloak)
rCorr   .          Rampage  .   (no gloves)
Will    .....                   (boots currently unavailable)
Stlth   ++........              (no amulet)
HPRegen 0.04/turn               (no ring)
MPRegen 0.08/turn               (no ring)

@: appendages
A: horns 2, talons 2, small, no large weapons, nightstalker 3
a: End Transformation


You were on level 1 of the Dungeon.
You had temporarily grown beastly horns and talons.
You visited 1 branch of the dungeon, and saw 1 of its levels.

Inventory:

Armour
 a - a +0 robe (worn)
Scrolls
 b - 2 scrolls of identify {unknown}
 c - a scroll of teleportation {unknown}
 d - a scroll of amnesia {unknown}


   Skills:
 + Level 1.1 Fighting
 * Level 2.6 Dodging
 * Level 0.1 Stealth
 + Level 3.1 Unarmed Combat
 * Level 2.2 Spellcasting
 * Level 2.0 Transmutations


You had 3 spell levels left.
You knew the following spells:

 Your Spells              Type           Power      Damage    Failure   Level
a - Beastly Appendage     Tmut           14%        N/A       11%         1

Your spell library contained the following spells:

 Spells                   Type           Power      Damage    Failure   Level
 Wereblood                Tmut           7%         N/A       16%         2
 Spider Form              Tmut/Pois      4%         N/A       43%         3
 Ice Form                 Ice/Tmut       4%         N/A       83%         4
 Hailstorm                Conj/Ice       1%         3d3       93%         4
 Simulacrum               Ice/Necr       0%         N/A       100%        6


Dungeon Overview and Level Annotations

Branches:
Dungeon (1/15)

Altars:


Innate Abilities, Weirdness & Mutations

You have temporarily grown beastly horns and talons.
You are small and have problems with some larger weapons.
You are completely attuned to the shadows.


Message History

Your horns disappear.
Your talons disappear.
Found a leather armour.
A hobgoblin comes into view.
The hobgoblin misses you.
You hit the hobgoblin but do no damage. The hobgoblin misses you.
A hobgoblin is nearby!
Casting: Beastly Appendage (safe; 11% risk of failure)
Press: ? - help, Q - select action Dir - look around, f - activate You grow a pair of large bovine horns.
Your feet morph into talons.
The hobgoblin barely misses you.
You hit the hobgoblin. You claw the hobgoblin.
You kill the hobgoblin!
No target in view!
Your transformation is almost over.
Your horns disappear.
Your talons disappear.
b - 2 scrolls labelled YNKOPE HOBOSCH (gained 1)
You open the door.
There is an open door here.
Found 2 boomerangs.
You open the door.
A quokka comes into view.
There is an open door here.
Casting: Beastly Appendage (safe; 11% risk of failure)
Press: ? - help, Q - select action Dir - look around, f - activate You grow a pair of large bovine horns.
Your feet morph into talons.
The quokka bites you.
You hit the quokka but do no damage. You headbutt the quokka.
You kill the quokka!
Your transformation is almost over.
You see here a quokka corpse.
Your horns disappear.
Your talons disappear.
A kobold comes into view.
It is wielding a +2 dagger of electrocution.
Casting: Beastly Appendage (safe; 11% risk of failure)
Press: ? - help, Q - select action Dir - look around, f - activate You grow a pair of large bovine horns.
Your feet morph into talons.
The kobold hits you with a +2 dagger of electrocution.
Ouch! That really hurt!
You are electrocuted!
Ouch! That really hurt!
You die...

....# ##...## #####
##.....## # #.......#
## #......## .##
#.#...## ..## #.##.##
...## #..###
....####...#########.
....'.†.........@K...
....####...#########.
...## #..## ..## #.##
.# #.#


You could see a kobold.

Vanquished Creatures
  A bat (D:1)
  A hobgoblin (D:1)
  A quokka (D:1)
3 creatures vanquished.

Notes
Turn   | Place    | Note
-------+----------+-------------------------------------------
     0 | D:1      | DrunkBamboolord the Kobold Transmuter began the quest for
                  | the Orb.
     0 | D:1      | Reached XP level 1. HP: 12/12 MP: 3/3
   325 | D:1      | Slain by a kobold

Illustrated notes

Levels and vault maps discovered:
D:1:      dpeg_arrival_simpleton_a, layout_loops_corners,
          grunt_decor_mini_mirrors, minivault_5, item_on_display_a

Action                   || total
-------------------------++-------
Melee: Unarmed           ||     4
       Kick              ||     1
       Headbutt          ||     1
 Cast: Beastly Appendage ||     4
Dodge: Dodged            ||     6

Table legend: (Time is in decaauts)
 A = Elapsed time spent in this place.
 B = Non-inter-level travel time spent in this place.
 C = Inter-level travel time spent in this place.
 D = Time resting spent in this place.
 E = Time spent auto-exploring this place.
 F = Levels seen in this place.
 G = Mean time per level.
                   A        B        C        D        E       F      G
               +--------+--------+--------+--------+--------+-----+--------+
         Total |    324 |    324 |      0 |      0 |    302 |   1 |  324.0 |
       Dungeon |    324 |    324 |      0 |      0 |    302 |   1 |  324.0 |
               +--------+--------+--------+--------+--------+-----+--------+

Top non-repeatable levels by time:
     D:1: 324 daAuts
